 Dungeon Crawl Stone Soup version 0.20.1-1-g8b1a95d (webtiles) character file.

6415 dohliylev the Covert (level 10, -3/65 HPs)
             Began as a Vampire Enchanter on July 15, 2017.
             Was an Initiate of Nemelex Xobeh.
             Killed from afar by an electric eel (10 damage)
             ... with a bolt of electricity
             ... on level 9 of the Dungeon.
             The game lasted 00:47:55 (10575 turns).

dohliylev the Covert (Vampire Enchanter)           Turns: 10575, Time: 00:47:55

Health: -3/65      AC:  3    Str:  7    XL:     10   Next: 66%
Magic:  22/25      EV: 17    Int: 20    God:    Nemelex Xobeh [......]
Gold:   177        SH:  4    Dex: 16    Spells: 10/17 levels left

rFire    . . .     SeeInvis +   x - -3 short sword (curse)
rCold    + . .     Gourm    .   (no shield)
rNeg     + + .     Faith    .   (no armour)
rPois    +         Spirit   .   O - +2 hat
rElec    .         Reflect  +   (no cloak)
rCorr    .         Harm     .   (no gloves)
MR       +....                  N - +0 pair of boots {run}
Stlth    +++++++...             m - +4 amulet of reflection
Regen    0.1/turn               g - ring of magical power
MPRegen  0.2/turn               q - ring of stealth

@: regenerating slowly, quick
A: fangs 3, see invisible, unbreathing
a: Bat Form, Renounce Religion


You were on level 9 of the Dungeon.
You worshipped Nemelex Xobeh.
Nemelex Xobeh was noncommittal.
You were thirsty.

You visited 2 branches of the dungeon, and saw 10 of its levels.

You collected 554 gold pieces.
You spent 377 gold pieces at shops.

Inventory:

Hand Weapons
 a - a +1 dagger
 h - a +2 scimitar of draining
 x - a cursed -3 short sword (weapon)
 F - a +1 short sword of draining
 R - a +3 morningstar of protection
Armour
 D - a +2 robe of magic resistance
 N - a +0 pair of boots of running (worn)
 O - a +2 hat (worn)
Magical Staves
 Q - an uncursed staff of power {unknown}
Jewellery
 g - a ring of magical power (left hand)
 m - a +4 amulet of reflection (around neck)
 q - a ring of stealth (right hand)
 C - a +6 ring of protection
 M - an uncursed ring of poison resistance
Wands
 u - a wand of polymorph (16/24)
 v - a wand of disintegration (10/24)
 B - a wand of paralysis (13/24)
 H - a wand of iceblast (9/15)
 J - a wand of confusion (28/48)
Scrolls
 f - 3 scrolls of fear
 k - 2 scrolls of recharging
 l - 4 scrolls of fog
 o - 4 scrolls of enchant armour
 p - 2 scrolls of amnesia
 s - a scroll of immolation
 y - a scroll of blinking {unknown}
 A - a scroll of noise {unknown}
 E - a scroll of enchant weapon {unknown}
Potions
 b - 2 potions of agility {unknown}
 d - 14 potions of blood
 e - 2 potions of might {unknown}
 i - a potion of berserk rage {unknown}
 j - 2 potions of ambrosia {unknown}
 n - a potion of haste {unknown}
 r - 3 potions of flight {unknown}
 t - 5 potions of curing {unknown}
 w - a potion of invisibility
 z - a potion of brilliance {unknown}
Books
 c - a book of Maledictions

   Spells                             Type                      Level
   a - Corona                         Hexes                        1
   b - Ensorcelled Hibernation        Hexes/Ice                    2
   c - Confuse                        Hexes                        3
   d - Tukima's Dance                 Hexes                        3
   e - Dazzling Spray                 Conjuration/Hexes            3
 I - a book of Misfortune

   Spells                             Type                      Level
   a - Confusing Touch                Hexes                        1
   b - Confuse                        Hexes                        3
   c - Gell's Gravitas                Translocation                3
   d - Petrify                        Transmutation/Earth          4
   e - Metabolic Englaciation         Hexes/Ice                    5
   f - Yara's Violent Unravelling     Hexes/Transmutation          5
 K - a book of Frost

   Spells                             Type                      Level
   a - Freeze                         Ice                          1
   b - Throw Frost                    Conjuration/Ice              2
   c - Ozocubu's Armour               Charms/Ice                   3
   d - Throw Icicle                   Conjuration/Ice              4
   e - Summon Ice Beast               Ice/Summoning                4
 P - a book of Ice

   Spells                             Type                      Level
   a - Ice Form                       Ice/Transmutation            4
   b - Metabolic Englaciation         Hexes/Ice                    5
   c - Ozocubu's Refrigeration        Ice                          6
   d - Bolt of Cold                   Conjuration/Ice              6
   e - Freezing Cloud                 Conjuration/Ice/Air          6
   f - Simulacrum                     Ice/Necromancy               6
Miscellaneous
 G - a plain deck of escape
 S - a lightning rod (4/4)


   Skills:
 - Level 1.0 Fighting
 - Level 8.0 Short Blades
 + Level 7.3 Dodging
 - Level 12.1 Stealth
 - Level 4.2 Spellcasting
 - Level 10.2 Hexes
 - Level 3.1 Ice Magic
 * Level 5.8 Evocations


You had 10 spell levels left.
You knew the following spells:

 Your Spells              Type           Power        Failure   Level  Hunger
a - Corona                Hex            #####..      1%          1    None
b - Ensorcelled Hibernat  Hex/Ice        ####..       1%          2    #......
c - Confuse               Hex            #####...     1%          3    ###....
d - Confusing Touch       Hex            #####.       1%          1    None


Dungeon Overview and Level Annotations

Branches:
Dungeon (9/15)             Temple (1/1) D:6             Orc (0/2) D:9
   Lair: D:8-11

Altars:
Ashenzari
Cheibriados
Dithmenos
Elyvilon
Fedhas
Gozag
Hepliaklqana
Kikubaaqudgha
Nemelex Xobeh
Okawaru
Qazlal
Ru
Sif Muna
Trog
Uskayaw
Vehumet
Xom
Yredelemnul
Zin
The Shining One

Shops:
D:7 [


Innate Abilities, Weirdness & Mutations

You heal slowly.
You have razor-sharp teeth.
You have supernaturally acute eyesight. (SInv)
You can survive without breathing.


Message History

The electric eel shoots out a bolt of lightning at you!
The bolt of electricity hits the electric eel.
The electric eel completely resists.
The bolt of electricity misses you.
You bump into the rock wall.
You're too confused to move!
The electric eel shoots out a bolt of lightning at you!
The bolt of electricity hits you! x2
* * * LOW HITPOINT WARNING * * *
You feel less confused.
The electric eel shoots out a bolt of lightning at you!
The bolt of electricity hits you!
* * * LOW HITPOINT WARNING * * *
The bolt of electricity misses you.
A wolf, an orc and 2 orc wizards come into view.
As you read the scroll of identify, it crumbles to dust.
s - a scroll of immolation The electric eel shoots out a bolt of lightning at you!
The bolt of electricity hits you!
You die...
Your body disappears without a glow.

#..........
#####..........
#..............
#.####.........
#.####......≈≈≈
#............≈≈
######...≈..≈≈≈
#...≈≈≈≈.≈
#@....≈≈≈≈
#....;≈≈≈.
#...≈;≈≈≈≈
#....≈h≈≈(
#..≈≈≈.hh≈
#.....≈≈o.
#.....≈≈≈≈
#.....oo≈


You could see 2 wolves, a hound, 2 electric eels, 2 orc wizards and an orc
(wandering).

Vanquished Creatures
  A two-headed ogre (D:8)
  A gargoyle (D:8)
  2 hippogriffs (D:8)
  A spriggan (D:8)
  A wraith (D:8)
  4 yaks (D:8)
  Menkaure (D:7)
  A hungry ghost (D:9)
  An acid dragon (D:8)
  A water moccasin (D:7)
  Duvessa (D:5)
  2 orc warriors
  2 ice beasts
  3 phantoms
  2 sky beasts
  A necrophage (D:7)
  3 centaurs
  An ogre (D:8)
  A crocodile (D:8)
  A big kobold (D:8)
  Blork the orc (D:5)
  6 bullfrogs
  3 scorpions
  Dowan (D:5)
  A killer bee (D:8)
  4 wights (D:8)
  3 howler monkeys
  3 crimson imps
  A centaur zombie (D:6)
  2 jellies
  6 orc priests
  10 orc wizards
  6 hounds
  3 bullfrog skeletons
  2 iguanas
  3 worker ants
  7 gnolls
  10 adders
  An ooze (D:7)
  An adder zombie (D:8)
  A worm (D:2)
  3 dart slugs
  4 leopard geckos
  29 orcs
  3 ball pythons
  5 giant cockroaches
  7 goblins
  8 hobgoblins
  10 jackals
  2 quokkas
  9 bats
  3 frilled lizards
  15 kobolds
  10 rats
  A plant (D:2)
215 creatures vanquished.

Notes
Turn   | Place    | Note
-------+----------+-------------------------------------------
     0 | D:1      | dohliylev the Vampire Enchanter began the quest for the Orb.
     0 | D:1      | Reached XP level 1. HP: 13/13 MP: 3/3
   236 | D:1      | Reached XP level 2. HP: 12/19 MP: 3/5
   561 | D:1      | Learned a level 2 spell: Ensorcelled Hibernation
  1008 | D:2      | Reached XP level 3. HP: 25/25 MP: 6/6
  1012 | D:2      | Reached skill level 1 in Fighting
  1060 | D:2      | Reached skill level 1 in Ice Magic
  1431 | D:2      | Reached XP level 4. HP: 32/32 MP: 7/7
  2464 | D:3      | Reached XP level 5. HP: 37/37 MP: 8/8
  3061 | D:3      | Learned a level 3 spell: Confuse
  3313 | D:4      | Found a transporter.
  3328 | D:4      | Found a transporter.
  3402 | D:4      | Noticed a phantom
  3441 | D:4      | Killed a phantom
  3441 | D:4      | Reached skill level 6 in Stealth
  3729 | D:4      | Reached XP level 6. HP: 42/43 MP: 9/9
  3792 | D:5      | Entered Level 5 of the Dungeon
  3795 | D:5      | Reached skill level 7 in Stealth
  4272 | D:4      | Reached skill level 8 in Stealth
  4442 | D:4      | Reached XP level 7. HP: 48/48 MP: 10/10
  4881 | D:5      | Reached skill level 5 in Short Blades
  4940 | D:5      | Reached skill level 9 in Stealth
  5112 | D:5      | Noticed Dowan
  5114 | D:5      | Noticed Duvessa
  5135 | D:5      | Killed Dowan
  5135 | D:5      | Reached skill level 5 in Hexes
  5220 | D:5      | Reached skill level 10 in Stealth
  5584 | D:5      | Reached XP level 8. HP: 54/54 MP: 11/11
  5861 | D:5      | Noticed Blork the orc
  5874 | D:5      | Killed Blork the orc
  6434 | D:5      | Killed Duvessa
  6656 | D:6      | Reached skill level 11 in Stealth
  7013 | D:6      | Learned a level 1 spell: Confusing Touch
  7452 | D:6      | Found a staircase to the Ecumenical Temple.
  7461 | Temple   | Entered the Ecumenical Temple
  7574 | Temple   | Became a worshipper of Dithmenos the Shadowed
  7603 | D:6      | Reached skill level 12 in Stealth
  7615 | D:6      | Found a stormy altar of Qazlal.
  7809 | D:7      | Noticed Menkaure
  7810 | D:7      | Killed Menkaure
  7819 | D:7      | Reached XP level 9. HP: 59/59 MP: 12/12
  7842 | D:7      | Reached skill level 5 in Dodging
  8258 | D:7      | Reached skill level 10 in Hexes
  8562 | D:7      | Found Cuow's Antique Armour Emporium.
  8570 | D:7      | Bought a pair of glowing boots for 195 gold pieces
  8570 | D:7      | Bought a runed hat for 182 gold pieces
  8602 | D:7      | Identified a +0 pair of boots of running (You bought it in a shop on level 7 of the Dungeon)
  8696 | D:7      | Found a hazy altar of Hepliaklqana.
  8707 | D:7      | Found a glowing golden altar of the Shining One.
  8711 | D:7      | Found a blossoming altar of Fedhas.
  8711 | D:7      | Found a shattered altar of Ashenzari.
  8713 | D:7      | Found a snail-covered altar of Cheibriados.
  9003 | D:8      | Found a sparkling altar of Nemelex Xobeh.
  9042 | D:8      | Fell from the grace of Dithmenos
  9042 | D:8      | Became a worshipper of Nemelex Xobeh the Trickster
  9339 | D:8      | Found a large runed door.
  9339 | D:8      | Found a large runed door.
  9374 | D:8      | Reached skill level 1 in Evocations
  9524 | D:8      | Received a gift from Nemelex Xobeh
  9616 | D:8      | Reached XP level 10. HP: 65/65 MP: 11/15
  9916 | D:8      | Found a large runed door.
  9916 | D:8      | Found a large runed door.
  9948 | D:8      | Noticed a gargoyle
  9951 | D:8      | Killed a gargoyle
 10183 | D:9      | Found a staircase to the Orcish Mines.
 10238 | D:8      | Noticed a two-headed ogre
 10244 | D:8      | Killed a two-headed ogre
 10244 | D:8      | Reached skill level 5 in Evocations
 10575 | D:9      | Killed from afar by an electric eel

Skill      XL: |  1  2  3  4  5  6  7  8  9 10 |
---------------+-------------------------------+-----
Dodging        | 3 4 6 7 |  7.3
Fighting       | 1 |  1.0
Ice Magic      | 1 2 3 |  3.1
Short Blades   | 2 3 4 5 6 7 8 |  8.0
Stealth        | 6 8 10 12 | 12.1
Hexes          | 5 8 10 | 10.2
Evocations     | 2 5 |  5.8
Spellcasting   | 3 4 |  4.2

Action                   |  1- 3 |  4- 6 |  7- 9 | 10-12 || total
-------------------------+-------+-------+-------+-------++-------
Melee: Dagger            |    68 |   211 |   212 |    12 ||   503
       Bite              |     3 |    18 |    12 |     4 ||    37
       Unarmed           |       |       |     3 |       ||     3
       Short sword       |       |       |       |    56 ||    56
 Cast: Corona            |     3 |     3 |       |       ||     6
       Ensorcelled Hiber |    17 |    63 |   155 |    37 ||   272
       Confuse           |       |     8 |    30 |     5 ||    43
       Confusing Touch   |       |       |     3 |       ||     3
 Abil: End Transformatio |       |     2 |     3 |       ||     5
       Bat Form          |       |     2 |     3 |       ||     5
  Use: Potion            |     1 |     7 |    13 |     1 ||    22
       Scroll            |       |     3 |     4 |     1 ||     8
 Stab: Sleeping          |    17 |    47 |    71 |    24 ||   159
       Distracted        |     1 |       |       |       ||     1
       Confused          |       |     4 |    14 |     7 ||    25
  Eat: Corpse            |     1 |     2 |     3 |     1 ||     7
Armor: Robe              |     4 |    12 |     1 |       ||    17
       Skin              |       |       |     4 |     3 ||     7
Dodge: Dodged            |    43 |    90 |   115 |    28 ||   276
Block: Other             |       |     7 |    28 |     4 ||    39
